 Dungeon Crawl Stone Soup version 0.19.1-1-g22dce08 (webtiles) character file.

317 HessuHobo the Destroyer (level 6, 0/32 HPs)
             Began as a Deep Elf Conjurer on Dec 28, 2016.
             Succumbed to a worker ant's poison
             ... on level 4 of the Dungeon.
             The game lasted 00:06:57 (3753 turns).

HessuHobo the Destroyer (Deep Elf Conjurer)         Turns: 3753, Time: 00:06:58

Health: 0/32       AC:  2    Str:  7    XL:     6   Next: 20%
Magic:  2/12       EV: 13    Int: 22    God:
Gold:   184        SH:  0    Dex: 15    Spells: 1 memorised, 10 levels left

rFire  . . .     SeeInvis .     p - +0 dagger
rCold  . . .     Gourm    .     f - +0 robe
rNeg   . . .     Faith    .     (no shield)
rPois  .         Spirit   .     (no helmet)
rElec  .         Reflect  .     (no cloak)
rCorr  .         Harm     .     (no gloves)
MR     .....                    (no boots)
Stlth  ++........               (no amulet)
                                (no ring)
                                l - +2 ring of intelligence

@: lethally poisoned (0 -> -17)
A: no striking features
a: no special abilities


You were on level 4 of the Dungeon.
You were not hungry.

You visited 1 branch of the dungeon, and saw 4 of its levels.

You collected 184 gold pieces.

Inventory:

Hand Weapons
 p - a +0 dagger (weapon)
Armour
 a - a +0 robe
 f - a +0 robe (worn)
Jewellery
 l - a +2 ring of intelligence (left hand)
Scrolls
 e - 3 scrolls of enchant weapon
 h - 3 scrolls of identify {unknown}
 i - a scroll of recharging
 j - 3 scrolls of fear {unknown}
Potions
 d - 2 potions of agility {unknown}
 g - a potion of magic {unknown}
 k - a potion of cancellation {unknown}
 m - a potion of haste {unknown}
 n - 2 potions of curing {unknown}
Books
 b - a book of Conjurations

   Spells                             Type                      Level
   a - Magic Dart                     Conjuration                  1
   b - Searing Ray                    Conjuration                  2
   c - Dazzling Spray                 Conjuration/Hexes            3
   d - Fulminant Prism                Conjuration/Hexes            4
   e - Iskenderun's Mystic Blast      Conjuration                  4
   f - Iskenderun's Battlesphere      Conjuration/Charms           5
Comestibles
 c - 3 bread rations
 o - a chunk of flesh


   Skills:
 + Level 0.1 Fighting
 - Level 2.4 Dodging
 - Level 2.4 Stealth
 - Level 3.0 Spellcasting
 + Level 8.2 Conjurations


You had 10 spell levels left.
You knew the following spells:

 Your Spells              Type           Power        Failure   Level  Hunger
a - Magic Dart            Conj           ####         1%          1    None


Dungeon Overview and Level Annotations

Branches:
Dungeon (4/15)
 Temple: D:4-7

Altars:

Shops:
D:4 }


Message History

The worker ant is almost dead.
* * * LOW HITPOINT WARNING * * *
You feel sick. The worker ant closely misses you.
Casting: Magic Dart
Confirm with . or Enter, or press ? or * to list all spells.
Aiming: Magic Dart
Press: ? - help, Shift-Dir - straight line, f/p - worker ant
Aim: a worker ant (almost dead)
The magic dart hits the worker ant.
The worker ant is almost dead.
* * * LOW HITPOINT WARNING * * *
You feel sick. The worker ant barely misses you.
Casting: Magic Dart
Confirm with . or Enter, or press ? or * to list all spells.
Aiming: Magic Dart
Press: ? - help, Shift-Dir - straight line, f/p - worker ant
Aim: a worker ant (almost dead)
The magic dart hits the worker ant.
You kill the worker ant!
You die...

#.......## ##........#
######### ##.........####
........###.............#
........##..............#
...........##........##..
..........###........###.
.........## ##......## ##
........@# ######## #
.........# ..........
.........## .........#
###..##... #..# #... ..#
##..


There were no monsters in sight!

Vanquished Creatures
  A phantom (D:4)
  An ogre (D:4)
  A worker ant (D:4)
  A howler monkey skeleton (D:3)
  3 adders
  An adder skeleton (D:4)
  2 worms (D:2)
  2 dart slugs (D:1)
  4 leopard geckos
  3 orcs (D:3)
  A giant cockroach (D:2)
  8 goblins
  10 hobgoblins
  3 jackals (D:2)
  6 kobolds
  A quokka (D:4)
  2 ball pythons (D:3)
  10 bats
  5 frilled lizards
  8 rats
73 creatures vanquished.

Notes
Turn   | Place    | Note
-------+----------+-------------------------------------------
     0 | D:1      | HessuHobo the Deep Elf Conjurer began the quest for the Orb.
     0 | D:1      | Reached XP level 1. HP: 10/10 MP: 6/6
   127 | D:1      | Reached XP level 2. HP: 14/15 MP: 1/8
   361 | D:1      | Reached skill level 5 in Conjurations
   934 | D:2      | Reached XP level 3. HP: 19/19 MP: 5/9
  1339 | D:2      | Reached skill level 6 in Conjurations
  1714 | D:2      | Reached XP level 4. HP: 24/24 MP: 4/10
  3167 | D:4      | Noticed an ogre
  3176 | D:4      | Killed an ogre
  3176 | D:4      | Reached skill level 7 in Conjurations
  3176 | D:4      | Reached XP level 5. HP: 28/28 MP: 3/11
  3246 | D:4      | Found Vihikkuque's Gadget Shop.
  3322 | D:4      | Noticed a phantom
  3335 | D:4      | Killed a phantom
  3335 | D:4      | Reached skill level 8 in Conjurations
  3335 | D:4      | Reached XP level 6. HP: 32/32 MP: 2/12
  3752 | D:4      | HP: 1/32 [poisoned by a worker ant]
  3753 | D:4      | Succumbed to a worker ant's poison

Skill      XL: |  1  2  3  4  5 |
---------------+----------------+-----
Conjurations   | 5 6 7 8 |  8.2
Fighting       | |  0.1
Dodging        | |  2.4
Stealth        | |  2.4
Spellcasting   | |  3.0

Action                   |  1- 3 |  4- 6 || total
-------------------------+-------+-------++-------
Melee: Dagger            |       |     5 ||     5
 Cast: Magic Dart        |    83 |    78 ||   161
  Use: Scroll            |     2 |       ||     2
  Eat: Chunk             |     2 |     4 ||     6
       Bread ration      |       |     1 ||     1
Armor: Robe              |     1 |     3 ||     4
Dodge: Dodged            |     6 |    10 ||    16
